 Dungeon Crawl Stone Soup version 0.27-a0-1202-ge72e49191c (webtiles) character file.

Game seed: 6034277590473056647

7277 Gwenloh the Zephyrmancer (level 10, 0/80 HPs)
             Began as a Pale Draconian Air Elementalist on June 4, 2021.
             Was a Follower of Sif Muna.
             Succumbed to a cane toad's poison
             ... on level 9 of the Dungeon.
             The game lasted 00:45:57 (16132 turns).

Gwenloh the Zephyrmancer (DrAE)                    Turns: 16132, Time: 00:45:57

Health: 0/80       AC: 13    Str: 11    XL:     10   Next: 89%
Magic:  2/16       EV: 13    Int: 18    God:    Sif Muna [*.....]
Gold:   543        SH:  0    Dex: 12    Spells: 2/17 levels left

rFire    . . .     SeeInvis .   i - +2 whip (venom)
rCold    . . .     Faith    .   (no shield)
rNeg     . . .     Spirit   .   (armour unavailable)
rPois    .         Reflect  .   (helmet restricted)
rElec    .         Harm     .   (no cloak)
rCorr    +         Rampage  .   o - +0 pair of gloves
Will     .....                  h - +0 pair of boots
Stlth    ++........             (no amulet)
HPRegen  0.23/turn              q - +4 ring of protection
MPRegen  0.15/turn              w - ring of resist corrosion

@: lethally poisoned (0 -> -17), very slightly contaminated, invisible
A: breathe steam, AC +7, unfitting armour, cold-blooded, steam resistance
a: Breathe Steam, Renounce Religion, Channel Magic


You were on level 9 of the Dungeon.
You worshipped Sif Muna.
Sif Muna was aware of your devotion.
You visited 3 branches of the dungeon, and saw 11 of its levels.

You collected 543 gold pieces.

Inventory:

Hand Weapons
 a - a +0 dagger
 i - a +2 whip of venom (weapon)
Missiles
 j - 2 throwing nets
 F - a curare-tipped dart
Armour
 h - a +0 pair of boots (worn)
 o - a +0 pair of gloves (worn)
Magical Staves
 H - a staff of conjuration
Jewellery
 q - a +4 ring of protection (left hand)
 w - a ring of resist corrosion (right hand)
 y - an amulet of magic regeneration
 J - a ring of ice
Wands
 p - a wand of mindburst (9)
 s - a wand of flame (33)
 E - a wand of polymorph (20)
Scrolls
 b - 4 scrolls of teleportation {unknown}
 c - a scroll of fog {unknown}
 d - 2 scrolls of enchant armour {unknown}
 g - 3 scrolls of vulnerability {unknown}
 k - 3 scrolls of amnesia {unknown}
 m - a scroll of immolation {unknown}
 r - a scroll of noise {unknown}
 t - 3 scrolls of identify {unknown}
 u - a scroll of magic mapping {unknown}
 G - 2 scrolls of fear {unknown}
 I - a scroll of enchant weapon {unknown}
Potions
 e - 2 potions of mutation {unknown}
 f - a potion of ambrosia {unknown}
 l - 8 potions of curing {unknown}
 n - 4 potions of might {unknown}
 v - 3 potions of heal wounds {unknown}
 x - a potion of resistance {unknown}
 z - 2 potions of degeneration {unknown}
 A - 4 potions of attraction {unknown}
 B - 2 potions of invisibility
 C - a potion of lignification {unknown}
 D - a potion of magic {unknown}
 K - 2 potions of flight {unknown}
 L - a potion of brilliance {unknown}
 N - a potion of haste {unknown}
Miscellaneous
 M - a tin of tremorstones (2/2)
 O - a box of beasts


   Skills:
 + Level 4.4 Fighting
 + Level 4.3 Dodging
 - Level 1.7 Stealth
 + Level 4.3 Spellcasting
 * Level 9.1 Conjurations
 * Level 13.1 Air Magic


You had 2 spell levels left.
You knew the following spells:

 Your Spells              Type           Power      Damage    Failure   Level
a - Shock                 Conj/Air       100%       1d9       1%          1
b - Static Discharge      Conj/Air       44%        N/A       1%          2
c - Airstrike             Air            25%        N/A       1%          4
d - Lightning Bolt        Conj/Air       22%        1d37      4%          5
e - Swiftness             Air            50%        N/A       1%          3

Your spell library contained the following spells:

 Spells                   Type           Power      Damage    Failure   Level
 Beastly Appendage        Tmut           6%         N/A       14%         1
 Wereblood                Tmut           3%         N/A       22%         2
 Spider Form              Tmut/Pois      1%         N/A       38%         3
 Ice Form                 Ice/Tmut       3%         N/A       80%         4
 Hydra Form               Tmut           1%         N/A       98%         5


Dungeon Overview and Level Annotations

Branches:
Dungeon (9/15)             Temple (1/1) D:7            Lair (1/6) D:9
    Orc (0/2) D:9

Altars:
Ashenzari
Cheibriados
Dithmenos
Elyvilon
Fedhas
Gozag
Hepliaklqana
Kikubaaqudgha
Makhleb
Nemelex Xobeh
Okawaru
Qazlal
Ru
Sif Muna
Trog
Uskayaw
Vehumet
Wu Jian
Xom
Yredelemnul
Zin
The Shining One

Annotations:
D:8 2 transporters, pilgrim's ghost, novice SpEn


Innate Abilities, Weirdness & Mutations

You can breathe blasts of scalding, opaque steam.
Your pale cyan-grey scales are hard. (AC +7)
You cannot fit into any form of body armour.
You are cold-blooded and may be slowed by cold attacks.
You are immune to the effects of steam.


Message History

You fail to use your ability.
You feel very sick.
The cane toad stings you but does no damage.
Casting: Static Discharge (safe; 1% risk of failure)
Confirm with . or Enter, or press ? or * to list all spells.
You don't have enough magic to cast this spell.
Casting: Static Discharge (safe; 1% risk of failure)
Confirm with . or Enter, or press ? or * to list all spells.
Aiming: Shock (safe; 1% risk of failure)
Press: ? - help, Shift-Dir - straight line, f - cane toad
Aim: a cane toad (lightly wounded, 77% to hit)
The zap hits the cane toad!
The cane toad is moderately wounded.
The zap hits the yak.
The yak is heavily wounded.
You feel very sick. The cane toad barely misses you.
You hit the cane toad but do no damage.
The cane toad is moderately wounded.
You feel sick. The cane toad stings you.
You are more poisoned.
The cane toad poisons you! The cane toad stings you!
* * * LOW HITPOINT WARNING * * *
You are lethally poisoned!
The cane toad poisons you!
You completely miss the cane toad.
The cane toad is moderately wounded.
* * * LOW HITPOINT WARNING * * *
You feel extremely sick.
The cane toad stings you but does no damage.
Okay, then.
It was a potion of invisibility.
You fade into invisibility!
* * * LOW HITPOINT WARNING * * *
You feel very sick. The cane toad closely misses you.
You are very lightly contaminated with residual magic.
* * * LOW HITPOINT WARNING * * *
You feel very sick.
You die...

#.###### #......# #.####.##
##.###...## ## ##########
##..##.....###.
#........####...#....P..#..
#.#...##....##..#.......##.
#.#..^....#.FY...........##
#.#...##..@.###>...†.....##
#.##.###.#### #.....>......
#........# ##+...........
##.#.##.## ##...........#.
#.#.##.# ##...#.P[.(..#..
#.#..#.# ##....#..P....#..
#.#....###.....##.....##..
#.......†'.....###...###..
#......###...........##...


You could see a yak and a cane toad.

Vanquished Creatures
  2 two-headed ogres
  Joseph (D:7)
  An elephant (D:9)
  A polar bear (D:9)
  A troll (D:7)
  A shadow (D:9)
  A wyvern (D:9)
  6 yaks
  An ice beast (D:5)
  3 orc warriors
  3 black bears
  A sky beast (D:7)
  6 ogres
  A phantom (D:7)
  A centaur (D:8)
  2 kobold brigands
  5 bullfrogs
  3 scorpions
  A wyvern zombie (D:5)
  A water moccasin skeleton (D:4)
  2 water moccasin zombies
  4 wights (D:8)
  4 electric eels (D:7)
  3 howler monkeys
  4 hounds
  3 orc priests
  A centaur zombie (D:8)
  6 jellies
  4 iguanas
  Natasha (twice) (D:4)
  8 orc wizards
  A hound zombie (D:5)
  A howler monkey zombie (D:9)
  A howler monkey skeleton (D:5)
  8 gnolls
  8 adders
  A shadow imp (D:6)
  A white imp (D:7)
  2 adder skeletons (D:4)
  5 worms
  15 dart slugs
  23 orcs
  5 ball pythons
  16 endoplasms
  3 giant cockroaches
  4 hobgoblins
  3 quokkas
  10 bats
  A frilled lizard (D:2)
  9 goblins
  24 kobolds
  3 rats
227 creatures vanquished.

Vanquished Creatures (others)
  3 plants (D:2)
  9 toadstools (D:2)
12 creatures vanquished.

Grand Total: 239 creatures vanquished

Notes
Turn   | Place    | Note
-------+----------+-------------------------------------------
     0 | D:1      | Gwenloh the Draconian Air Elementalist began the quest for
                  | the Orb.
     0 | D:1      | Reached XP level 1. HP: 14/14 MP: 3/3
   694 | D:1      | Reached XP level 2. HP: 20/20 MP: 3/5
   752 | D:1      | Learned a level 2 spell: Static Discharge
   795 | D:1      | Found a faded altar of an unknown god.
   879 | D:1      | Reached skill level 4 in Air Magic
  1060 | D:1      | Reached XP level 3. HP: 14/26 MP: 0/6
  2205 | D:2      | Reached skill level 5 in Air Magic
  2205 | D:2      | Reached XP level 4. HP: 30/33 MP: 2/7
  2700 | D:2      | Reached XP level 5. HP: 36/38 MP: 0/8
  3196 | D:2      | Reached skill level 6 in Air Magic
  3868 | D:3      | Reached XP level 6. HP: 45/45 MP: 1/9
  3945 | D:2      | Learned a level 4 spell: Airstrike
  4684 | D:3      | Found an iron altar of Okawaru.
  6274 | D:4      | Reached skill level 7 in Air Magic
  6365 | D:4      | Noticed Natasha
  6368 | D:4      | Killed Natasha
  6369 | D:4      | Your scales start taking on a pale cyan-grey colour.
  6369 | D:4      | Reached XP level 7. HP: 48/50 MP: 5/10
  6369 | D:4      | Gained mutation: You are immune to the effects of steam.
                  | [Pale Draconian growth]
  6375 | D:4      | Noticed Natasha
  6379 | D:4      | Killed Natasha
  6380 | D:4      | Reached skill level 8 in Air Magic
  6740 | D:5      | Entered Level 5 of the Dungeon
  6999 | D:5      | You fall into a shaft and drop 1 floor!
  7142 | D:6      | Reached skill level 9 in Air Magic
  7273 | D:6      | Reached XP level 8. HP: 57/57 MP: 4/11
  7404 | D:6      | Reached skill level 5 in Conjurations
  7495 | D:5      | Found a burning altar of Makhleb.
  7934 | D:5      | Reached skill level 10 in Air Magic
  8028 | D:5      | Found a sparkling altar of Nemelex Xobeh.
  8212 | D:5      | Found a white marble altar of Elyvilon.
  8212 | D:5      | Found an ancient bone altar of Kikubaaqudgha.
  9376 | D:7      | Reached skill level 11 in Air Magic
  9492 | D:7      | Reached XP level 9. HP: 58/62 MP: 0/12
 10146 | D:7      | Learned a level 5 spell: Lightning Bolt
 10606 | D:7      | Noticed a troll
 10646 | D:7      | Killed a troll
 10647 | D:7      | Reached skill level 1 in Fighting
 10888 | D:7      | Found a staircase to the Ecumenical Temple.
 10897 | Temple   | Entered the Ecumenical Temple
 11124 | Temple   | Became a worshipper of Sif Muna the Loreminder
 11235 | D:7      | Noticed Joseph
 11255 | D:7      | Killed Joseph
 11879 | D:8      | Reached skill level 12 in Air Magic
 11978 | D:8      | Noticed a two-headed ogre
 12067 | D:8      | Noticed a two-headed ogre
 12079 | D:7      | HP: 1/67 [two-headed ogre/+0 giant spiked club (9)]
 12081 | D:7      | Killed a two-headed ogre
 12082 | D:7      | Reached XP level 10. HP: 2/75 MP: 4/14
 12828 | D:8      | Noticed pilgrim's ghost (novice SpEn)
 12830 | D:8      | Found a transporter.
 12833 | D:8      | Found a transporter.
 12904 | D:8      | Killed a two-headed ogre
 12904 | D:8      | Reached * piety under Sif Muna
 13244 | D:8      | Found a hide-covered altar of Uskayaw.
 13244 | D:8      | Found a shimmering altar of Xom.
 13592 | D:9      | Found a staircase to the Lair.
 13972 | D:9      | Found a blossoming altar of Fedhas.
 14376 | D:9      | Noticed an elephant
 15690 | D:9      | Killed an elephant
 15691 | D:9      | Reached skill level 13 in Air Magic
 15834 | D:9      | Found a staircase to the Orcish Mines.
 16009 | Lair:1   | Entered Level 1 of the Lair of Beasts
 16094 | D:9      | Learned a level 3 spell: Swiftness
 16109 | Lair:1   | Noticed a cane toad
 16131 | D:9      | HP: 4/80 [poisoned by a cane toad]
 16132 | D:9      | Succumbed to a cane toad's poison

Illustrated notes

Levels and vault maps discovered:
D:1:      sevenhm_arrival_forest_fort_large_2, layout_basic,
          ebering_ecumenical_altar_ruins, nrook_mini_backslash
D:2:      cheibrodos_fertilizer, layout_basic, serial_bayou_crossing
D:3:      layout_loops_cross, okawaru_metal_pillars_1_2
D:4:      minmay_razor_zed, layout_loops_corners, uniq_natasha
D:5:      layout_basic, bloody_makhleb, nemelex_dance_club_becter,
          gammafunk_temple_overflow_pools, dk_vineyard_1
D:6:      layout_basic, serial_park_tiny_2, nicolae_underground_beach
D:7:      kennysheep_slugbush, layout_loops_ring, temple_statues, uniq_joseph
D:8:      layout_cave_pools, minitemple, gammafunk_ghost_arena
D:9:      layout_loops_corners, lemuel_coloured_pillars_altar,
          david_lair_generic, orc_0_dummy
Temple:   minmay_temple_curvy_branch
Lair:1:   layout_gridlike, kennysheep_snail_temple, infiniplex_staircase_pool,
          uniq_grum

Skill      XL: |  1  2  3  4  5  6  7  8  9 10 |
---------------+-------------------------------+-----
Air Magic      | 4 5 6 7 9 11 12 13 | 13.1
Conjurations   | 2 3 4 6 7 9 |  9.1
Fighting       | 2 4 |  4.4
Dodging        | 3 4 |  4.3
Spellcasting   | 3 4 |  4.3
Stealth        | |  1.7

Action                   |  1- 3 |  4- 6 |  7- 9 | 10-12 || total
-------------------------+-------+-------+-------+-------++-------
Melee: Dagger            |    17 |     1 |       |       ||    18
       Tailslap          |     3 |       |     1 |     2 ||     6
       Whip              |       |     6 |    25 |    14 ||    45
 Cast: Shock             |    72 |   131 |   157 |    59 ||   419
       Static Discharge  |     4 |    15 |    42 |    22 ||    83
       Airstrike         |       |     2 |    30 |    38 ||    70
       Lightning Bolt    |       |       |     1 |     3 ||     4
Invok: Channel Magic     |       |       |       |     1 ||     1
 Abil: Breathe Steam     |       |       |    11 |     6 ||    17
Evoke: Wand              |       |     1 |       |       ||     1
  Use: Potion            |       |       |       |     1 ||     1
Armor: Skin              |     4 |    14 |    27 |    20 ||    65
Dodge: Dodged            |    15 |    25 |    48 |    29 ||   117

Table legend: (Time is in decaauts)
 A = Elapsed time spent in this place.
 B = Non-inter-level travel time spent in this place.
 C = Inter-level travel time spent in this place.
 D = Time resting spent in this place.
 E = Time spent auto-exploring this place.
 F = Levels seen in this place.
 G = Mean time per level.
                   A        B        C        D        E       F      G
               +--------+--------+--------+--------+--------+-----+--------+
         Total |  16190 |  15363 |    827 |   1956 |  11038 |  11 | 1471.8 |
       Dungeon |  15904 |  15077 |    827 |   1956 |  10788 |   9 | 1767.1 |
        Temple |    261 |    261 |      0 |      0 |    250 |   1 |  261.0 |
          Lair |     24 |     24 |      0 |      0 |      0 |   1 |   24.0 |
               +--------+--------+--------+--------+--------+-----+--------+

Top non-repeatable levels by time:
     D:7: 2433 daAuts
     D:9: 2389 daAuts
     D:2: 2313 daAuts
     D:4: 1686 daAuts
     D:6: 1616 daAuts
     D:1: 1590 daAuts
     D:5: 1530 daAuts
     D:8: 1179 daAuts
     D:3: 1165 daAuts
  Temple: 261 daAuts
  Lair:1: 24 daAuts
